 Dungeon Crawl Stone Soup version 0.31-a0-460-g9e667d4245 (webtiles) character file.

Game seed: 5702177384885727916

5591 porpoise the Basher (level 10, -3/63 HPs)
             Began as a Gargoyle Gladiator on Aug 5, 2023.
             Was an Elder of Okawaru.
             Slain by a troll (12 damage)
             ... on level 9 of the Dungeon.
             The game lasted 00:28:47 (6943 turns).

porpoise the Basher (Gargoyle Gladiator)            Turns: 6943, Time: 00:28:48

Health: -3/63      AC: 17    Str: 21    XL:     10   Next: 72%
Magic:  13/13      EV: 17    Int:  8    God:    Okawaru [****..]
Gold:   228        SH:  0    Dex: 13    Spells: 9/9 levels left

rFire   + . .        a - +6 dire flail
rCold   . . .        (shield currently unavailable)
rNeg    + . .        j - +0 ring mail
rPois   ∞            c - +0 helmet
rElec   +            k - +1 cloak of Starlight {*Dazzle EV+4 Stlth--}
rCorr   .            (no gloves)
SInv    .            (no boots)
Will    .....        I - amulet of faith Stlth
                     n - +4 ring of slaying
HPRegen 0.30/turn    H - ring of protection from fire
MPRegen 0.13/turn

%: faith
@: no status effects
A: sickness immunity, AC +7, negative energy resistance 1, electricity
resistance, torment resistance 1, petrification resistance
a: Renounce Religion, Heroism, Finesse


You were on level 9 of the Dungeon.
You worshipped Okawaru.
Okawaru was greatly pleased with you.
You visited 1 branch of the dungeon, and saw 9 of its levels.

You collected 332 gold pieces.
You spent 104 gold pieces at shops.

Inventory:

Hand Weapons
 a - a +6 dire flail (weapon)
 b - a +0 orcbow
 z - a +0 flail
Missiles
 d - 5 throwing nets (quivered)
 e - 2 javelins
 G - 9 poisoned darts
 L - 3 boomerangs
Armour
 c - a +0 helmet (worn)
 j - a +0 ring mail (worn)
 k - the +1 cloak of Starlight (worn) {*Dazzle EV+4 Stlth--}
   (You found it on level 2 of the Dungeon)

   *Dazzle:   It may blind those who miss an attack against the wearer in melee
   combat.
   EV:        It affects your evasion (+4).
   Stlth:     It makes you much less stealthy.
Jewellery
 n - a +4 ring of slaying (left hand)
 H - a ring of protection from fire (right hand)
 I - an amulet of faith (around neck)
 N - a +6 ring of dexterity
Wands
 u - a wand of mindburst (12)
 y - a wand of polymorph (20)
 C - a wand of roots (6)
Scrolls
 f - 3 scrolls of fear
 g - a scroll of vulnerability {unknown}
 h - 6 scrolls of teleportation
 m - a scroll of poison
 p - 2 scrolls of blinking
 s - 2 scrolls of fog
 v - a scroll of revelation {unknown}
 w - a scroll of identify
 A - a scroll of immolation {unknown}
 B - a scroll of noise {unknown}
 E - 3 scrolls of enchant weapon
 J - a scroll of amnesia
 M - a scroll of brand weapon {unknown}
Potions
 i - 6 potions of curing
 l - 5 potions of heal wounds
 o - 2 potions of enlightenment
 q - 3 potions of mutation
 r - 2 potions of haste
 t - 2 potions of invisibility
 x - 2 potions of berserk rage
 D - 2 potions of cancellation
 F - a potion of ambrosia
 K - a potion of attraction
 O - a potion of magic {unknown}


   Skills:
 - Level 7.0 Fighting
 + Level 10.7 Maces & Flails
 - Level 1.7 Throwing
 - Level 7.0 Armour
 - Level 5.0 Dodging
 + Level 5.1 Invocations
 + Level 2.8 Evocations


You had 9 spell levels left.
You didn't know any spells.
Your spell library contained the following spells:

 Spells                   Type           Power      Damage    Failure   Level
 Magic Dart               Conj           0%         1d3       54%         1
 Mephitic Cloud           Conj/Pois/Air  0%         N/A       89%         3
 Volatile Blastmotes      Fire/Tloc      0%         2d10      89%         3
 Fulminant Prism          Conj/Hex       0%         3d5       100%        4
 Iskenderun's Mystic Bla  Conj/Tloc      0%         2d3       100%        4
 Olgreb's Toxic Radiance  Pois           0%         N/A       100%        4
 Discord                  Hex            0%         N/A       100%        8
 Ignition                 Fire           0%         3d3       100%        8
 Call Imp                 Summ           Unusable   N/A       N/A         2

Dungeon Overview and Level Annotations

Branches:
Dungeon (9/15)             Temple (0/1) D:7            Lair (0/5) D:8
    Orc: D:9-12

Altars:
Fedhas
Gozag
Makhleb
Nemelex Xobeh
Okawaru
Qazlal
Ru
Sif Muna
Trog
Xom
Yredelemnul

Shops:
D:4 *   D:6 *   D:7 *

Annotations:
D:4 exclusion: oklob plant
D:7 3 runed translucent doors, Dordric's ghost, novice OgBe
D:8 2 transporters


Innate Abilities, Weirdness & Mutations

You are immune to sickness and miasma.
Your stone body is resilient. (AC +7)
You are immune to poison.
You resist negative energy. (rN+)
You are resistant to electric shocks. (rElec)
You are resistant to unholy torment.
You are immune to petrification.


Message History

The troll claws you but does no damage.
You hit the troll.
The troll is moderately wounded.
The troll misses you. The troll barely misses you.
The troll claws you but does no damage.
You hit the troll but do no damage.
The troll is moderately wounded.
The troll bites you. The troll claws you. x2
You feel much better. The troll bites you but does no damage.
The troll claws you. The troll claws you but does no damage.
You hit the troll.
The troll is moderately wounded.
The troll bites you! The troll claws you but does no damage.
The troll completely misses you.
You are too injured to fight recklessly!
You are too injured to fight recklessly!
You are too injured to fight recklessly!
You puncture the troll!
The troll is heavily wounded.
The bullfrog snags a nearby millipede with its tongue.
You puncture the troll!
The troll is severely wounded.
The troll bites you but does no damage. The troll closely misses you.
The troll claws you.
The bullfrog snags a nearby butterfly with its tongue.
You closely miss the troll.
The troll is severely wounded.
An orc warrior comes into view. It is wielding a +0 flail.
The troll barely misses you. The troll claws you! The troll claws you.
* * * LOW HITPOINT WARNING * * *
The orc warrior shouts!
You hit the troll.
The troll is almost dead.
The troll bites you!
* * * LOW HITPOINT WARNING * * *
The troll misses you. The troll claws you but does no damage.
You hit the troll but do no damage.
The troll is severely wounded.
The troll bites you!
You die...

### #.. ### #..##yo
#..#oF #..#T# #..#T#
#..@#.# #.#.#yh#
####.#.##o.##
#......)###o.
#....##....### #....#
#..... .. ...##....#
#...###..
..........###........
.....................


You could see 2 trolls, 2 orc warriors, a bullfrog and a killer bee.

Vanquished Creatures
  A troll (D:8)
  Sigmund (D:4)
  7 yaks
  A steam dragon (D:7)
  An acid dragon (D:9)
  Duvessa (D:7)
  3 water moccasins
  An orc warrior (D:8)
  2 ice beasts (D:7)
  A sky beast (D:6)
  A hornet zombie (D:6)
  5 wolves (D:8)
  2 ogres (D:6)
  3 centaurs
  A phantom (D:4)
  5 bullfrogs
  2 kobold brigands
  4 scorpions
  9 wights
  Dowan (D:7)
  A vampire bat (D:4)
  A howler monkey (D:5)
  2 electric eels (D:8)
  4 crimson imps (D:3)
  A human zombie (D:6)
  3 bullfrog zombies (D:6)
  A centaur zombie (D:6)
  A jelly (D:4)
  Crazy Yiuf (D:6)
  A gnoll bouda (D:6)
  4 hounds
  An orc priest (D:8)
  An iguana (D:6)
  Ijyb (D:5)
  An orc wizard (D:3)
  2 mummies (D:6)
  Robin (D:4)
  3 gnolls (D:6)
  5 adders
  A shadow imp (D:7)
  3 white imps
  2 ufetubi
  5 worms
  3 dart slugs
  10 orcs
  2 ball pythons
  7 endoplasms
  5 giant cockroaches
  12 goblins
  13 hobgoblins
  2 jackals (D:4)
  4 quokkas
  16 bats
  4 frilled lizards
  10 kobolds
  2 rats
188 creatures vanquished.

Notes
Turn   | Place    | Note
-------+----------+-------------------------------------------
     0 | D:1      | porpoise the Gargoyle Gladiator began the quest for the
                  | Orb.
     0 | D:1      | Reached XP level 1. HP: 12/12 MP: 1/1
    92 | D:1      | Reached XP level 2. HP: 18/18 MP: 2/2
   504 | D:1      | Reached XP level 3. HP: 22/22 MP: 3/3
   641 | D:2      | Reached skill level 4 in Maces & Flails
   671 | D:2      | Found the +1 cloak of Starlight {*Dazzle EV+4 Stlth--}
   744 | D:2      | Reached XP level 4. HP: 22/28 MP: 4/4
  1302 | D:3      | Reached XP level 5. HP: 28/32 MP: 5/5
  1330 | D:3      | Found a shimmering blue altar of Sif Muna.
  1467 | D:3      | Found a shimmering altar of Xom.
  1484 | D:3      | Reached skill level 5 in Maces & Flails
  1511 | D:3      | Reached XP level 6. HP: 39/39 MP: 6/6
  1686 | D:4      | Reached skill level 6 in Maces & Flails
  2229 | D:4      | Noticed Sigmund
  2237 | D:4      | Killed Sigmund
  2238 | D:4      | Reached skill level 5 in Fighting
  2238 | D:4      | Reached XP level 7. HP: 44/44 MP: 7/7
  2341 | D:4      | Found Sokalej's General Store.
  2342 | D:4      | Found Quafequs's Specific Store.
  2345 | D:4      | Bought a scroll of identify for 20 gold pieces
  2349 | D:4      | Bought a scroll of identify for 24 gold pieces
  2349 | D:4      | Bought a potion of berserk rage for 60 gold pieces
  2406 | D:4      | Noticed Robin
  2435 | D:4      | Killed Robin
  2451 | D:4      | Reached skill level 7 in Maces & Flails
  2516 | D:4      | Found an iron altar of Okawaru.
  2649 | D:4      | Found a blossoming altar of Fedhas.
  2671 | D:4      | Noticed an oklob plant
  2734 | D:5      | Entered Level 5 of the Dungeon
  2887 | D:5      | Noticed Ijyb
  3047 | D:5      | Found a stormy altar of Qazlal.
  3052 | D:5      | Reached XP level 8. HP: 51/51 MP: 8/8
  3063 | D:5      | Reached skill level 8 in Maces & Flails
  3211 | D:5      | Found a sparkling altar of Nemelex Xobeh.
  3358 | D:5      | Killed Ijyb
  3359 | D:5      | Reached skill level 1 in Armour
  3755 | D:6      | Found Ocuecs's Lightly-Used Armoury.
  4065 | D:6      | Found a burning altar of Makhleb.
  4154 | D:4      | Became a worshipper of Warmaster Okawaru
  4403 | D:6      | Reached XP level 9. HP: 53/57 MP: 9/9
  4430 | D:6      | Found a basalt altar of Yredelemnul.
  4583 | D:6      | Found a runed translucent door.
  4584 | D:6      | Noticed Crazy Yiuf
  4588 | D:6      | Killed Crazy Yiuf
  4589 | D:6      | Reached skill level 9 in Maces & Flails
  4628 | D:7      | Noticed Dowan
  4631 | D:7      | Noticed Duvessa
  4643 | D:7      | Killed Duvessa
  4643 | D:7      | Reached * piety under Okawaru
  4644 | D:7      | Reached skill level 5 in Armour
  4644 | D:7      | Killed Dowan
  4799 | D:7      | Found a staircase to the Ecumenical Temple.
  4857 | D:7      | Found an opulent altar of Gozag.
  5012 | D:7      | Found Jaxyx's Neck Hole.
  5195 | D:7      | Reached skill level 5 in Dodging
  5218 | D:7      | Found a runed translucent gate.
  5218 | D:7      | Noticed Dordric's ghost (novice OgBe)
  5219 | D:7      | Found a runed translucent gate.
  5221 | D:7      | Found a runed translucent gate.
  5221 | D:7      | Identified the +4 chain mail of Dawn {rF+}
  5394 | D:7      | Reached ** piety under Okawaru
  5395 | D:7      | Reached skill level 1 in Invocations
  5621 | D:8      | Noticed a troll
  5639 | D:8      | Killed a troll
  5640 | D:8      | Reached XP level 10. HP: 16/63 MP: 9/11
  5840 | D:8      | Reached skill level 10 in Maces & Flails
  6067 | D:8      | Found a bloodstained altar of Trog.
  6160 | D:8      | Reached *** piety under Okawaru
  6399 | D:8      | Reached skill level 1 in Evocations
  6415 | D:8      | Found a transporter.
  6421 | D:8      | Noticed a kobold demonologist
  6430 | D:8      | Noticed a kobold demonologist
  6434 | D:8      | Found a transporter.
  6462 | D:8      | Found a sacrificial altar of Ru.
  6615 | D:8      | Reached **** piety under Okawaru
  6619 | D:8      | Received a gift from Okawaru
  6746 | D:8      | Found a staircase to the Lair.
  6927 | D:9      | Received a gift from Okawaru
  6928 | D:9      | Reached skill level 5 in Invocations
  6943 | D:9      | Slain by a troll

Illustrated notes

Levels and vault maps discovered:
D:1:      tarquinn_simple_flora_water_a, layout_rooms
D:2:      layout_rooms
D:3:      layout_rooms, lemuel_blue_sif_altar, led_xom_imps, kennysheep_path_1
D:4:      layout_loops_ring, tgw_fedhas, mainiacjoe_overflow_24_doors,
          palyth_stone_intersect, nicolae_specific_store, roderic_batcave,
          uniq_robin, uniq_sigmund
D:5:      layout_loops_ring, amcnicky_altar_gilded,
          mainiacjoe_overflow_alcove_2, reono_crystal_passage,
          kennysheep_small_spiral, uniq_ijyb
D:6:      layout_rooms, kennysheep_mini_moat,
          lemuel_mausoleum_altar_yredelemnul, minmay_shop_damaged,
          uniq_crazy_yiuf_cottage
D:7:      layout_loops_ring, grunt_gozag_statues, minmay_temple_entry_ruins,
          biasface_ghost_orc_armoury, nicolae_shop_sticking_my_neck_out,
          uniq_duvessa
D:8:      gammafunk_wand_slinger, layout_basic, nicolae_overflow_hidden_temple,
          nicolae_ru_awakened_eye, erik_lair_island
D:9:      gammafunk_boulding_lane, layout_small_grid, tso_altar,
          nicolae_hepliaklqana_hippocampus, minmay_alternating_orb

Skill      XL: |  1  2  3  4  5  6  7  8  9 10 |
---------------+-------------------------------+-----
Fighting       | 3 4 5 7 |  7.0
Maces & Flails | 4 5 6 7 8 9 10 | 10.7
Armour         | 3 6 7 |  7.0
Dodging        | 3 5 |  5.0
Invocations    | 2 5 |  5.1
Evocations     | 2 |  2.8
Throwing       | |  1.7

Action                     |  1- 3 |  4- 6 |  7- 9 | 10-12 || total
---------------------------+-------+-------+-------+-------++-------
  Melee: Flail             |   108 |   122 |    78 |       ||   308
         Punch             |     2 |     1 |     2 |       ||     5
         Dire flail        |       |       |   150 |   120 ||   270
   Fire: Orcbow            |       |       |     7 |       ||     7
  Evoke: Wand              |       |     3 |       |     5 ||     8
    Use: Scroll            |     3 |     7 |     4 |     3 ||    17
         Potion            |       |       |       |     1 ||     1
   Stab: Invisible         |       |     2 |     3 |     3 ||     8
 Armour: Leather armour    |    22 |       |       |       ||    22
         Ring mail         |    25 |    26 |    75 |    30 ||   156
  Dodge: Dodged            |    54 |    70 |   181 |    70 ||   375

Table legend: (Time is in decaauts)
 A = Elapsed time spent in this place.
 B = Non-inter-level travel time spent in this place.
 C = Inter-level travel time spent in this place.
 D = Time resting spent in this place.
 E = Time spent auto-exploring this place.
 F = Levels seen in this place.
 G = Mean time per level.
                   A        B        C        D        E       F      G
               +--------+--------+--------+--------+--------+-----+--------+
         Total |   6948 |   6585 |    363 |   1487 |   3661 |   9 |  772.0 |
       Dungeon |   6948 |   6585 |    363 |   1487 |   3661 |   9 |  772.0 |
               +--------+--------+--------+--------+--------+-----+--------+

Top non-repeatable levels by time:
     D:8: 1261 daAuts
     D:4: 1158 daAuts
     D:5: 1024 daAuts
     D:7: 966 daAuts
     D:6: 762 daAuts
     D:1: 623 daAuts
     D:3: 607 daAuts
     D:2: 476 daAuts
     D:9: 67 daAuts
